 Dungeon Crawl Stone Soup version 0.17-a0-1805-g6093636 (webtiles) character file.

521 4thArraOfDagon the Ruffian (level 7, -1/68 HPs)
             Began as a Troll Chaos Knight on Sept 12, 2015.
             Slain by a killer bee (4 damage)
             ... on level 8 of the Dungeon.
             The game lasted 00:04:22 (822 turns).

4thArraOfDagon the Ruffian (Troll Chaos Knight)      Turns: 822, Time: 00:04:22

Health: -1/68      AC:  7    Str: 21    XL:     7   Next: 1%
Magic:  6/6        EV: 10    Int: 10    God:    Xom [.*....]
Gold:   69         SH:  0    Dex:  9    Spells: 0 memorised, 6 levels left

rFire  . . .     SeeInvis .       - Unarmed
rCold  . . .     Clarity  .     a - +2 robe
rNeg   . . .     SustAt   .     (no shield)
rPois  .         Gourm    +     (helmet restricted)
rElec  .         Spirit   .     (no cloak)
rCorr  .         Warding  .     (gloves unavailable)
rMut   .         Stasis   .     (boots unavailable)
MR     .....                    h - amulet of regeneration
Stlth  +.........               (no ring)
                                (no ring)

@: lethally poisoned (-1 -> -2), not resistant to hostile enchantments, very
unstealthy
A: unfitting armour, claws 3, fast metabolism 3, gourmand, regeneration 2,
shaggy fur 1, tough skin 2
a: Renounce Religion


You were on level 8 of the Dungeon.
You worshipped Xom.
You were a plaything of Xom.
You were full.

You visited 1 branch of the dungeon, and saw 8 of its levels.

You collected 69 gold pieces.

Inventory:

Hand weapons
 n - a +0 hand axe
Missiles
 o - 7 curare-tipped needles
Armour
 a - a +2 robe (worn)
Jewellery
 h - an amulet of regeneration (around neck)
Scrolls
 c - 2 scrolls of blinking {unknown}
 e - 5 scrolls of identify {unknown}
 i - 2 scrolls of remove curse {unknown}
 m - a scroll of enchant weapon {unknown}
Potions
 d - a potion of degeneration
 g - a potion of brilliance {unknown}
 k - 2 potions of haste {unknown}
 p - a potion of resistance {unknown}
 q - a potion of heal wounds {unknown}
Comestibles
 b - 2 bread rations
 f - 3 meat rations
 l - 10 fruits


   Skills:
 + Level 3.8 Fighting
 + Level 3.5 Dodging
 * Level 6.1 Unarmed Combat


You had 6 spell levels left.
You didn't know any spells.

Dungeon Overview and Level Annotations

Branches:
Dungeon (8/15)
 Temple: D:4-7         Lair: D:8-11

Altars:
Ashenzari
Fedhas
Trog

Shops:
D:4 (   D:6 }

Annotations:
D:3 Robin


Innate Abilities, Weirdness & Mutations

You are too large for most types of armour.
You have claws for hands.
Your metabolism is lightning-fast.
You like to eat raw meat.
You heal very quickly.
You are covered in fur (AC +1).
You have very tough skin (AC +2).


Message History

You scratch the killer bee.
The killer bee is heavily wounded.
The killer bee stings you.
* * * LOW HITPOINT WARNING * * *
The killer bee stings you!
* * * LOW HITPOINT WARNING * * *
Unknown command.
Drink which item? (? for menu, Esc to quit)
You feel better. The killer bee stings you.
* * * LOW HITPOINT WARNING * * *
The killer bee stings you.
* * * LOW HITPOINT WARNING * * *
You are poisoned.
The killer bee poisons you!
A centaur comes into view.
You miss the killer bee.
The killer bee is heavily wounded.
You feel sick. The killer bee stings you.
You die...
Xom thinks this is hilarious!

+####
##+#####....##.
+......#.......
#.....y@.......
#.....<#.......
#.....(#.......
###+####Z...h.c
....##. ....#
....# ....#


You could see a centaur, a hound, a killer bee and a worker ant zombie.

Vanquished Creatures
  Edmund (D:4)
  A phantom (D:6)
  A centaur (D:7)
  A giant frog (D:6)
  A wight (D:6)
  A hound (D:5)
  A wasp zombie (D:6)
  A worker ant (D:4)
  2 adders
  4 orcs (D:6)
  2 ball pythons
  A giant cockroach (D:2)
  11 goblins
  3 hobgoblins
  A giant newt (D:2)
  4 jackals (D:6)
  7 kobolds
  A rat (D:3)
44 creatures vanquished.

Vanquished Creatures (others)
  A killer bee (D:8)
1 creature vanquished.

Grand Total: 45 creatures vanquished

Notes
Turn   | Place    | Note
--------------------------------------------------------------
     0 | D:1      | 4thArraOfDagon the Troll Chaos Knight began the quest for the Orb.
     0 | D:1      | Reached XP level 1. HP: 22/22 MP: 0/0
    73 | D:2      | Reached XP level 2. HP: 29/29 MP: 1/1
   166 | D:3      | Noticed Robin
   209 | D:3      | XOM: mild Tloc miscast
   241 | D:3      | Reached XP level 3. HP: 27/36 MP: 2/2
   293 | D:4      | Found a shattered altar of Ashenzari.
   308 | D:4      | Noticed Edmund
   322 | D:4      | Found Urelic's Weapon Emporium.
   345 | D:4      | XOM: divination: magic mapping
   352 | D:4      | Killed Edmund
   352 | D:4      | Reached skill level 4 in Unarmed Combat
   352 | D:4      | Reached XP level 4. HP: 37/45 MP: 3/3
   352 | D:4      | Reached XP level 5. HP: 43/53 MP: 4/4
   367 | D:4      | XOM: cast spell 'Spider Form'
   405 | D:5      | Entered Level 5 of the Dungeon
   412 | D:5      | Found a blossoming altar of Fedhas.
   436 | D:5      | Reached skill level 5 in Unarmed Combat
   451 | D:5      | Found a bloodstained altar of Trog.
   559 | D:6      | Found Yteuth's Gadget Shoppe.
   559 | D:6      | Noticed a phantom
   560 | D:6      | XOM: enchant monster (good)
   572 | D:6      | Reached XP level 6. HP: 59/61 MP: 5/5
   605 | D:6      | Killed a phantom
   672 | D:6      | Reached skill level 6 in Unarmed Combat
   782 | D:7      | Reached XP level 7. HP: 51/68 MP: 6/6
   811 | D:8      | XOM: enchant monster (good)
   820 | D:8      | HP: 2/68 [killer bee (10)]
   822 | D:8      | Slain by a killer bee

Vault maps used:
D:1:      minmay_arrival_diagonal_passages
D:2:      first_bread, minmay_misc_feat_doors
D:3:      nicolae_overflow_hidden_temple, uniq_terence, uniq_robin, uniq_jessica
D:4:      lemuel_coloured_pillars_altar, okawaru_gym_becter,
          nicolae_overflow_crystal_walls, old_standard_altar, serial_shops,
          nicolae_shop_crystal, shop, kennysheep_mini_moat, shop,
          nicolae_shop_waterfront, uniq_edmund
D:5:      zin_statuary, kennysheep_mini, serial_bayou, serial_bayou_pond_e,
          serial_bayou_pond_b, serial_bayou_shore_b, serial_bayou_pond_a,
          minmay_gold_behind_fungi, trog_wizard
D:6:      corexii_shack_village, nemelex_xobeh_ov_fountains_minmay,
          serial_shops, shop, uniq_pikel, uniq_prince_ribbit1
D:7:      lemuel_doored_altar, kennysheep_little_box, minmay_temple_entry_trees,
          basic_altar, uniq_crazy_yiuf_cottage
D:8:      nicolae_qazlal_style_of_elements, grunt_ogre_cave

Action                   |  1- 3 |  4- 6 |  7- 9 || total
-------------------------+-------+-------+-------++-------
Melee: Unarmed           |    52 |    73 |     5 ||   130
  Use: Potion            |     4 |       |     2 ||     6
 Stab: Sleeping          |       |     1 |       ||     1
  Eat: Chunk             |     7 |     3 |       ||    10
